 Dungeon Crawl Stone Soup version 0.18-a0-965-g9200175 (webtiles) character file.

11 Duffy the Insei (level 2, 19/24 HPs)
             Began as a Demonspawn Monk on Jan 2, 2016.
             Quit the game on level 1 of the Dungeon.
             The game lasted 00:00:24 (192 turns).

Duffy the Insei (Demonspawn Monk)                    Turns: 192, Time: 00:00:24

Health: 19/24      AC:  5    Str: 11    XL:     2   Next: 17%
Magic:  2/2        EV: 11    Int: 11    God:
Gold:   23         SH:  0    Dex: 15    Spells: 0 memorised, 1 level left

rFire  . . .     SeeInvis .       - Unarmed
rCold  . . .     Gourm    .     c - +0 ring mail (curse)
rNeg   . . .     Faith    .     (no shield)
rPois  .         Spirit   .     (helmet restricted)
rElec  .         Dismiss  .     (no cloak)
rCorr  .         Reflect  .     (no gloves)
SustAt .         Harm     .     (no boots)
MR     .....                    d - amulet of inaccuracy (curse)
Stlth  +.........               (no ring)
                                (no ring)

@: not resistant to hostile enchantments, very unstealthy
A: antennae 1
a: no special abilities


You were on level 1 of the Dungeon.
You were not hungry.

You visited 1 branch of the dungeon, and saw 1 of its levels.

You collected 23 gold pieces.


Innate Abilities, Weirdness & Mutations

You have a pair of small antennae on your head.


   Skills:
 - Level 3.0 Fighting
 - Level 2.6 Dodging
 - Level 1.7 Stealth
 + Level 4.1 Unarmed Combat


You had one spell level left.
You didn't know any spells.

Inventory:

Armour
 a - a +0 robe
 c - a cursed +0 ring mail (worn)
Jewellery
 d - a cursed amulet of inaccuracy (around neck)
Scrolls
 e - a scroll of amnesia {unknown}
Comestibles
 b - a bread ration

Dungeon Overview and Level Annotations

Branches:
Dungeon (1/15)

Altars:


Message History

The bat hits you but does no damage.
You closely miss the bat. The bat hits you but does no damage.
A kobold comes into view. It is wielding a short sword.
The kobold shouts!
The bat barely misses you.
The kobold throws a stone.
The stone barely misses you.
You miss the bat. The bat hits you but does no damage.
The kobold moves out of view.
You closely miss the bat. The bat hits you but does no damage.
You punch the ooze!
The ooze is severely wounded.
The bat barely misses you. The ooze hits you but does no damage.
You closely miss the ooze.
The ooze is severely wounded.
The bat hits you but does no damage. The ooze completely misses you.
You hit the ooze.
The ooze is almost dead.
The bat hits you but does no damage. The ooze barely misses you.
The kobold barely misses you. The bat hits you but does no damage.
You barely miss the ooze.
The ooze is almost dead.
The bat completely misses you. The ooze barely misses you. The kobold hits you.
You hit the ooze.
You kill the ooze!
You have reached level 2!
Your demonic ancestry asserts itself...
A pair of antennae grows on your head! The bat misses you.
The kobold hits you but does no damage.
You miss the kobold. The bat closely misses you.
The kobold hits you but does no damage. The kobold hits you.
Are you sure you want to abandon this character and quit the game? (Confirm with "yes".)
Okay, then.
Unknown command.
Unknown command.
Are you sure you want to abandon this character and quit the game? (Confirm with "yes".)

#..... ...... ##. .#
........... .###
....)...... ....#
........ #.# ....#
.........#..### .....#
.....
........####.....#
#.#.####.........K.#
..#....# #......@K.###
.#..##.###....)..b...#
....##...#####.(.###..#
....####..####(.### ...
.##.# ##...##....# ..
..#.# ####...##..# .
#.#.. #.........b .....
#..####..... ...#.#
#..# ###.


You could see a bat and 2 kobolds.

Action                   || total
-------------------------++-------
Melee: Unarmed           ||    35

Notes
Turn   | Place    | Note
--------------------------------------------------------------
     0 | D:1      | Duffy the Demonspawn Monk began the quest for the Orb.
     0 | D:1      | Reached XP level 1. HP: 18/18 MP: 1/1
   173 | D:1      | Reached skill level 4 in Unarmed Combat
   190 | D:1      | Gained mutation: You have a pair of small antennae on your head. [demonic ancestry]
   190 | D:1      | Reached XP level 2. HP: 22/24 MP: 2/2
   192 | D:1      | Quit the game

Vault maps used:
D:1:      lightli_iron_boxes

Vanquished Creatures
  An ooze
  A bat
  A hobgoblin
  3 kobolds
  A goblin
  A rat
8 creatures vanquished.
